AoeStats
← Schantiiniiii

Hill Fort

504090752Analyzed
4v4 RM · 27d ago on Sep 3, 2026· 52m 31s· 8 players
Game mode
Random Map
Map size
Large (8 player)
Population
200
Speed
Normal
Resources
Standard
Victory
Conquest
Starting age
Dark Age
Ending age
Imperial Age
RankedLock teamsTeams togetherTeam positionsShared explorationLock speedFull tech treeHidden civsTurbo modeCheats
Victory
Defeat
🇲🇽 Chinese · Mexico
1595
+17
🇩🇪 Koreans · Germany
1556
+19
🇹🇼 Lithuanians · Taiwan
1554
+19
🇨🇦 Bengalis · Canada
1522
+20
🇩🇪 Inca · Germany
1748
-25
🇨🇭 Magyars · Switzerland
1667
-21
🇫🇷 Saracens · France
1564
-16
🇩🇪 Gurjaras · Germany
1487
-13
juanmar983
5:05 Loom
10:51 Feudal Age
15:03 Castle Age
20:42 Double-Bit Axe
22:44 Bow Saw
22:15 Horse Collar
25:00 Fishing Lines
27:07 Wheelbarrow
26:40 Gillnets
34:26 Hand Cart
35:12 Medium Warships
37:04 Heavy Plow
39:14 Fletching
44:28 Imperial Age
42:53 Bodkin Arrow
44:26 Ballistics
44:15 Town Watch
44:33 Padded Archer Armor
45:45 Gold Mining
46:29 Leather Archer Armor
46:18 Husbandry
46:29 Bloodlines
46:48 Elite Elephant Archer
47:29 Bracer
48:30 Chemistry
48:01 Ring Archer Armor
48:01 Caravan
50:19 Masonry
52:36 Paiks
52:55 Conscription
MZTK |Kiss
0:32 Loom
11:12 Feudal Age
15:40 Castle Age
13:57 Horse Collar
15:05 Double-Bit Axe
16:55 Bow Saw
23:37 Wheelbarrow
26:16 Town Watch
26:46 Hand Cart
26:23 Fletching
26:24 Gold Mining
31:15 Imperial Age
28:43 Bodkin Arrow
28:49 Padded Archer Armor
29:12 Ballistics
30:36 Gold Shaft Mining
29:51 Stone Mining
30:13 Forging
30:09 Scale Barding Armor
32:01 Stone Shaft Mining
32:09 Coinage
32:00 Bracer
32:15 Elite Chu Ko Nu
33:33 Leather Archer Armor
34:19 Chemistry
33:57 Conscription
34:49 Rocketry
34:15 Capped Ram
35:46 Banking
37:12 Siege Ram
40:57 Ring Archer Armor
40:39 Masonry
41:31 Caravan
42:42 Bloodlines
42:32 Husbandry
41:53 Light Cavalry
42:54 Chain Barding Armor
43:10 Iron Casting
45:13 Plate Barding Armor
45:42 Two-Man Saw
46:36 Blast Furnace
46:47 Architecture
[TNT] TW_RED
10:11 Feudal Age
14:03 Castle Age
11:52 Double-Bit Axe
12:34 Horse Collar
15:15 Bow Saw
15:51 Loom
18:52 Heavy Plow
22:14 Wheelbarrow
28:33 Imperial Age
26:25 Hand Cart
26:50 Scale Barding Armor
26:56 Forging
27:31 Bloodlines
28:21 Chain Barding Armor
28:41 Husbandry
29:18 Iron Casting
30:04 Plate Barding Armor
28:53 Cavalier
30:51 Iron Casting
30:21 Paladin
32:25 Gold Mining
34:05 Iron Casting
34:21 Caravan
38:55 Two-Man Saw
38:25 Crop Rotation
42:00 Coinage
43:08 Crop Rotation
43:29 Conscription
43:12 Hill Forts
43:12 Tower Shields
43:57 Banking
49:33 Ballistics
50:14 Chemistry
49:06 Fletching
52:18 Fortified Wall
Kempinho
10:18 Feudal Age
10:25 Loom
14:42 Castle Age
13:19 Horse Collar
14:40 Double-Bit Axe
17:38 Fletching
22:25 Bodkin Arrow
26:18 Wheelbarrow
31:36 Imperial Age
32:25 Ballistics
34:36 Bow Saw
34:29 Bracer
36:38 Chemistry
36:55 Elite War Wagon
37:56 Conscription
38:17 Husbandry
38:27 Thumb Ring
44:55 Masonry
51:40 Siege Engineers
Serxer
10:17 Feudal Age
10:48 Feudal Age
15:00 Castle Age
13:50 Double-Bit Axe
14:02 Horse Collar
16:21 Bow Saw
18:55 Loom
22:40 Wheelbarrow
23:12 Gold Mining
25:00 Heavy Plow
25:10 Fletching
25:20 Padded Archer Armor
29:39 Imperial Age
27:22 Thumb Ring
27:34 Bloodlines
27:24 Husbandry
29:12 Ballistics
29:03 Bodkin Arrow
30:40 Bracer
31:49 Chemistry
30:44 Elite Elephant Archer
33:27 Leather Archer Armor
33:20 Scale Barding Armor
33:25 Forging
39:12 Heavy Camel Rider
40:15 Chain Barding Armor
40:30 Iron Casting
41:35 Plate Barding Armor
43:22 Frontier Guards
43:25 Conscription
45:36 Light Cavalry
45:36 Elite Shrivamsha Rider
46:11 Hussar
48:36 Hand Cart
Schantiiniiii
11:09 Feudal Age
15:44 Castle Age
13:43 Horse Collar
13:58 Double-Bit Axe
15:05 Stone Mining
16:37 Scale Barding Armor
19:57 Chain Barding Armor
21:14 Loom
25:42 Husbandry
26:24 Bloodlines
26:53 Heavy Plow
28:50 Bow Saw
30:01 Gold Mining
33:27 Wheelbarrow
32:38 Loom
33:51 Gold Shaft Mining
35:26 Hand Cart
43:04 Imperial Age
43:23 Town Watch
43:28 Cavalier
44:49 Plate Barding Armor
44:35 Conscription
46:08 Light Cavalry
46:45 Hussar
49:54 Two-Man Saw
50:58 Masonry
50:44 Fletching
52:19 Hoardings
52:07 Ballistics
52:03 Bodkin Arrow
Pfienz
5:49 Loom
8:26 Feudal Age
10:13 Fletching
17:40 Double-Bit Axe
19:14 Horse Collar
23:43 Castle Age
21:10 Champi Runner
21:57 Scale Mail Armor
22:40 Forging
23:00 Town Watch
24:18 Arson
24:00 Champi Warrior
25:05 Chain Mail Armor
28:31 Wheelbarrow
28:06 Squires
29:46 Iron Casting
34:14 Heavy Plow
34:24 Bow Saw
34:35 Hand Cart
35:47 Gold Mining
38:55 Imperial Age
37:34 Bodkin Arrow
38:11 Pikeman
39:18 Halberdier
40:57 Plate Mail Armor
41:28 Blast Furnace
46:16 Elite Champi Warrior
twitch.tv/gliedi69
10:40 Feudal Age
14:46 Castle Age
13:27 Double-Bit Axe
14:02 Horse Collar
14:32 Loom
16:09 Bow Saw
20:56 Wheelbarrow
21:09 Heavy Plow
22:15 Scale Barding Armor
22:12 Gold Mining
23:21 Forging
24:15 Chain Barding Armor
25:25 Husbandry
25:36 Bloodlines
26:41 Iron Casting
30:04 Padded Archer Armor
30:22 Fletching
31:31 Leather Archer Armor
33:49 Imperial Age
31:59 Bodkin Arrow
34:01 Hand Cart
35:12 Plate Barding Armor
33:59 Heavy Camel Rider
34:55 Elite Skirmisher
36:30 Conscription
37:43 Ring Archer Armor
37:13 Bracer
39:34 Blast Furnace
40:31 Ballistics
41:14 Chemistry
40:19 Elite Mameluke
41:54 Thumb Ring
47:47 Two-Man Saw
49:12 Light Cavalry
50:26 Hussar
Connection lost

Rejoining the realm…

Still unreachable

The connection could not be restored.

Session expired

The server has moved on; the page needs a fresh start.